 Dungeon Crawl Stone Soup version 0.29.1-15-g9cfb28693d (webtiles) character file.

Game seed: 6075930023681982913

75 javelincjr the Magician (level 4, 0/33 HPs)
             Began as a Djinni Conjurer on Mar 16, 2023.
             Was a Plaything of Xom.
             Killed by nerve-wracking pain
             ... invoked by an orc priest
              (14 damage)
             ... on level 2 of the Dungeon.
             The game lasted 00:06:07 (2607 turns).

javelincjr the Magician (Djinni Conjurer)           Turns: 2607, Time: 00:06:08

Health: 0/33       AC:  4    Str:  8    XL:     4   Next: 55%
Gold:   38         EV: 12    Int: 20    God:    Xom [..*...] SH:  0 Dex: 11

rFire   + + .      SeeInvis .   p - +1 whip (elec)
rCold   x . .      Faith    .   (no shield)
rNeg    . . .      Spirit   .   a - +0 robe
rPois   ∞          Reflect  .   j - +0 helmet
rElec   .          Harm     .   (no cloak)
rCorr   .          Rampage  .   l - +0 pair of gloves
Will    .....                   (boots unavailable)
Stlth   ++........              (no amulet)
HPRegen 0.11/turn               (no ring)
MPRegen 0.00/turn               (no ring)

@: flying
A: sickness immunity, fire resistance 2, cold vulnerability 1, float, innate
caster, HP casting, extra vitality 1
a: Renounce Religion


You were on level 2 of the Dungeon.
You worshipped Xom.
You were a toy of Xom.
You visited 1 branch of the dungeon, and saw 3 of its levels.

You collected 38 gold pieces.

Inventory:

Hand Weapons
 p - a +1 whip of electrocution (weapon)
Armour
 a - a +0 robe (worn)
 j - a +0 helmet (worn)
 l - a +0 pair of gloves (worn)
Scrolls
 c - a scroll of vulnerability
 d - a scroll of fear {unknown}
 e - a scroll of silence {unknown}
 f - a scroll of identify {unknown}
 g - a scroll of teleportation {unknown}
 k - a scroll of poison {unknown}
 n - a scroll of magic mapping {unknown}
Potions
 b - a potion of might {unknown}
 h - 2 potions of mutation {unknown}
 m - 2 potions of brilliance {unknown}
 o - a potion of heal wounds {unknown}


   Skills:
 * Level 1.7 Fighting
 + Level 3.0 Dodging
 + Level 2.3 Stealth
 + Level 3.6 Spellcasting


You couldn't memorise any spells.
You knew the following spells:

 Your Spells              Type           Power      Damage    Failure   Level
a - Magic Dart            Conj           72%        1d6       3%          1
b - Searing Ray           Conj           36%        2d5       4%          2
c - Dazzling Flash        Conj/Hex       36%        N/A       9%          3
d - Fulminant Prism       Conj/Hex       9%         3d7       30%         4
e - Iskenderun's Mystic   Conj/Tloc      18%        2d6       30%         4
f - Beastly Appendage     Tmut           36%        N/A       3%          1
Your spell library was empty.

Dungeon Overview and Level Annotations

Branches:
Dungeon (3/15)

Altars:
Gozag
Xom


Innate Abilities, Weirdness & Mutations

You are immune to sickness and miasma.
You are immune to poison.
Your flesh is very heat resistant. (rF++)
You are vulnerable to cold. (rC-)
You float through the air rather than walking.
You learn spells naturally, not from books.
Your magical power is your life essence.
You have superior vitality. (+4 MHP)


Message History

The orc priest misses you. The orc closely misses you.
The orc hits you with a +0 short sword.
You fly upwards.
There is a stone staircase leading down here.
The orc priest attacks as you move away!
The orc priest hits you with a +0 flail.
The orc attacks as you move away! The orc barely misses you.
The orc priest attacks as you move away!
The orc priest hits you with a +0 flail!
The orc priest miscasts a cantrip.
There is an open door here.
Things that are here:
a +0 ring mail; a +0 club
Casting: Magic Dart (safe; 3% risk of failure)
Confirm with . or Enter, or press ? or * to list all spells.
Aiming: Searing Ray (safe; 4% risk of failure)
Press: ? - help, Shift-Dir - straight line, f - orc
Aim: an orc, wielding a +0 mace and wearing a +0 leather armour (78% to hit)
The searing ray hits the orc.
The orc is severely wounded.
The searing ray hits the orc priest.
The orc priest is moderately wounded.
The searing ray hits the orc.
The orc is almost dead. (Press . to maintain the ray.)
The orc hits you with a +0 short sword.
The searing ray hits the orc.
The orc is almost dead.
The searing ray hits the orc priest!
The orc priest is severely wounded.
The searing ray hits the orc.
You kill the orc!
The orc hits you with a +0 short sword.
The searing ray hits the orc.
You kill the orc!
The searing ray misses the orc priest.
The orc priest invokes the aid of Beogh against you.
Pain shoots through your body!
You die... "This toy is broken."

#....'......###########
#.####.................
#........).............
#..###..............#.. #..#
#......#####...#.# #..#
#........###...#.. #######..#
##..............##
#........####................
#......>.)o)@................
#####...).[..####...............#
.............# #...............#
.............# #........##...#.#
.............# #........##......
.............# #..........####.#
......######## #..........# #.#
......# #..........####.# #######
#######................


You could see an orc priest.

Vanquished Creatures
  3 adders (D:2)
  2 worms (D:2)
  A dart slug (D:2)
  3 orcs (D:2)
  4 endoplasms (D:2)
  2 giant cockroaches (D:1)
  5 goblins
  5 hobgoblins
  3 jackals (D:1)
  A quokka (D:1)
  A ball python (D:2)
  2 bats
  3 frilled lizards
  2 kobolds (D:1)
  A rat (D:2)
38 creatures vanquished.

Notes
Turn   | Place    | Note
-------+----------+-------------------------------------------
     0 | D:1      | javelincjr the Djinni Conjurer began the quest for the Orb.
     0 | D:1      | javelincjr set off with the following spells memorised:
                  | Magic Dart, Searing Ray, Dazzling Flash, Fulminant Prism,
                  | Iskenderun's Mystic Blast.
     0 | D:1      | Reached XP level 1. HP: 15/15 MP: 0/0
   213 | D:1      | Reached XP level 2. HP: 16/21 MP: 0/0
  1135 | D:2      | Reached XP level 3. HP: 13/26 MP: 0/0
  1135 | D:2      | Learned a level 1 spell: Beastly Appendage
  1480 | D:2      | Reached skill level 1 in Fighting
  1675 | D:2      | Found a faded altar of an unknown god.
  1677 | D:2      | Noticed a shining eye
  1678 | D:2      | Noticed a great orb of eyes
  1678 | D:2      | Noticed a floating eye
  1678 | D:2      | Noticed a shining eye
  1684 | D:2      | Prayed at the altar of an unknown god.
  1684 | D:2      | Became a worshipper of Xom of Chaos
  1709 | D:2      | XOM: silly message
  1836 | D:2      | Reached XP level 4. HP: 27/32 MP: 0/0
  1875 | D:2      | XOM: silly message
  1914 | D:2      | Found an opulent altar of Gozag.
  2607 | D:2      | Killed from afar by an orc priest

Illustrated notes

Levels and vault maps discovered:
D:1:      nicolae_arrival_memento_mori, layout_loops_cross,
          ebering_dispersal_statue_hall
D:2:      layout_basic, hellmonk_ecumenical_altar_watching_god, basic_altar
D:3:      cheibrodos_pilgrimage, layout_basic, minmay_fractal_squares_5

Skill      XL: |  1  2  3  4 |
---------------+-------------+-----
Stealth        | 2 |  2.3
Fighting       | 1 |  1.7
Dodging        | 3 |  3.0
Spellcasting   | |  3.6

Action                   |  1- 3 |  4- 6 || total
-------------------------+-------+-------++-------
Melee: Whip              |       |    11 ||    11
 Cast: Magic Dart        |    70 |    21 ||    91
       Searing Ray       |     2 |     1 ||     3
  Use: Scroll            |       |     1 ||     1
 Stab: Sleeping          |       |     1 ||     1
Armor: Robe              |     3 |     4 ||     7
Dodge: Dodged            |     5 |    12 ||    17
